 Dungeon Crawl Stone Soup version 0.30-a0-808-g6e0788376e (webtiles) character file.

Game seed: 16719194908841308187

78 cforsyth the Sneak (level 4, 0/28 HPs)
             Began as a Kobold Brigand on Feb 27, 2023.
             Killed by divine providence
             ... invoked by an orc priest
              (10 damage)
             ... on level 3 of the Dungeon.
             The game lasted 00:02:46 (1656 turns).

cforsyth the Sneak (Kobold Brigand)                 Turns: 1656, Time: 00:02:47

Health: 0/28       AC:  3    Str:  8    XL:     4   Next: 61%
Magic:  4/4        EV: 15    Int: 12    God:
Gold:   126        SH:  0    Dex: 18    Spells: 3/3 levels left

rFire   . . .      SeeInvis +    a - +2 dagger
rCold   . . .      Faith    .    (no shield)
rNeg    . . .      Spirit   .    b - +0 robe
rPois   .          Reflect  .    (no helmet)
rElec   .          Harm     .    c - +0 cloak
rCorr   .          Rampage  .    (no gloves)
Will    .....                    (no boots)
Stlth   ++++                     l - amulet of magic regeneration
HPRegen 0.24/turn                i - ring of see invisible
MPRegen 0.49/turn                (no ring)

@: no status effects
A: small, no large weapons, nightstalker 3
a: no special abilities


You were on level 3 of the Dungeon.
You visited 1 branch of the dungeon, and saw 3 of its levels.

You collected 126 gold pieces.

Inventory:

Hand Weapons
 a - a +2 dagger (weapon)
 m - the +8 rapier of Imbalance {venom, rF- rC+ Dex+7}
   (You found it on level 2 of the Dungeon)

   Dex:       It affects your dexterity (+7).
   rF:        It makes you vulnerable to fire.
   rC:        It protects you from cold.
Missiles
 d - 13 poisoned darts (quivered)
 e - 5 curare-tipped darts
Armour
 b - a +0 robe (worn)
 c - a +0 cloak (worn)
Jewellery
 i - a ring of see invisible (left hand)
 l - an amulet of magic regeneration (around neck)
Scrolls
 f - 2 scrolls of identify {unknown}
 g - a scroll of fog {unknown}
 h - a scroll of teleportation {unknown}
 j - a scroll of immolation {unknown}
 k - a scroll of blinking {unknown}
Potions
 n - a potion of brilliance {unknown}
 o - a potion of cancellation {unknown}


   Skills:
 + Level 3.1 Fighting
 + Level 3.7 Short Blades
 - Level 2.1 Throwing
 + Level 2.6 Dodging
 + Level 6.0 Stealth


You had 3 spell levels left.
You didn't know any spells.
Your spell library was empty.

Dungeon Overview and Level Annotations

Branches:
Dungeon (3/15)

Altars:


Innate Abilities, Weirdness & Mutations

You are small and have problems with some larger weapons.
You are completely attuned to the shadows.


Message History

The adder is severely wounded.
The adder barely misses you.
The orc priest shouts!
You hit the adder.
The adder is almost dead.
The adder bites you.
You hit the adder.
You kill the adder!
There are no items here.
Unknown command.
You climb upwards.
There is a stone staircase leading down here.
You start resting.
HP restored.
You start waiting.
Done waiting.
You climb downwards.
The orc priest barely misses you.
The orc priest hits you with a +0 hand axe.
There is a stone staircase leading up, spattered with blood here.
You hit the orc priest.
The orc priest is moderately wounded.
The orc priest looks encouraged for a moment.
You barely miss the orc priest.
The orc priest is moderately wounded.
The orc priest hits you with a +0 hand axe!
You hit the orc priest.
The orc priest is heavily wounded.
You hit the orc priest.
The orc priest is severely wounded.
The orc priest barely misses you.
You hit the orc priest.
The orc priest is almost dead.
The orc priest mumbles some strange prayers to Beogh against you.
Pain shoots through your body!
Unknown command.
You hit the orc priest.
The orc priest is almost dead.
The orc priest invokes the aid of Beogh against you.
Beogh smites you!
You die...

o..#.#####
#.......########
#.)............#
#.†.........##.#
#....o......#..#
)........###.#..#
##......S.......#
#.######.#o†...#
#†#.@#.##
#.####.# #..)...#
########


You could see an orc priest.

Vanquished Creatures
  2 adders (D:3)
  3 dart slugs
  3 orcs (D:3)
  2 bats
  3 endoplasms
  5 giant cockroaches
  5 goblins
  4 hobgoblins
  4 jackals (D:1)
  A quokka (D:1)
  6 ball pythons
  3 kobolds
  4 rats
45 creatures vanquished.

Notes
Turn   | Place    | Note
-------+----------+-------------------------------------------
     0 | D:1      | cforsyth the Kobold Brigand began the quest for the Orb.
     0 | D:1      | Reached XP level 1. HP: 12/12 MP: 1/1
    86 | D:1      | Reached XP level 2. HP: 9/18 MP: 2/2
   452 | D:1      | Reached XP level 3. HP: 17/22 MP: 3/3
  1338 | D:2      | Identified the +8 rapier of Imbalance {venom, rF- rC+
                  | Dex+7}
  1410 | D:3      | Reached XP level 4. HP: 28/28 MP: 4/4
  1477 | D:3      | Reached skill level 6 in Stealth
  1656 | D:3      | Killed from afar by an orc priest

Illustrated notes

Levels and vault maps discovered:
D:1:      minmay_arrival_checkered_box, layout_loops_ring
D:2:      minmay_chambers_of_twos, layout_rooms
D:3:      layout_basic, old_standard_altar

Skill      XL: |  1  2  3  4 |
---------------+-------------+-----
Short Blades   | 3 |  3.7
Dodging        | 2 |  2.6
Fighting       | 3 |  3.1
Stealth        | 6 |  6.0
Throwing       | |  2.1

Action                     |  1- 3 |  4- 6 || total
---------------------------+-------+-------++-------
  Melee: Dagger            |    75 |    50 ||   125
         Punch             |       |     1 ||     1
   Stab: Sleeping          |    16 |     2 ||    18
         Distracted        |     1 |       ||     1
 Armour: Robe              |    16 |    12 ||    28
  Dodge: Dodged            |    44 |    44 ||    88

Table legend: (Time is in decaauts)
 A = Elapsed time spent in this place.
 B = Non-inter-level travel time spent in this place.
 C = Inter-level travel time spent in this place.
 D = Time resting spent in this place.
 E = Time spent auto-exploring this place.
 F = Levels seen in this place.
 G = Mean time per level.
                   A        B        C        D        E       F      G
               +--------+--------+--------+--------+--------+-----+--------+
         Total |   1635 |   1582 |     53 |    138 |   1166 |   3 |  545.0 |
       Dungeon |   1635 |   1582 |     53 |    138 |   1166 |   3 |  545.0 |
               +--------+--------+--------+--------+--------+-----+--------+

Top non-repeatable levels by time:
     D:2: 801 daAuts
     D:1: 733 daAuts
     D:3: 100 daAuts
